 Dungeon Crawl Stone Soup version 0.29.1-15-g9cfb28693d (webtiles) character file.

Game seed: 14646945216395630729

822 ChickenMitten the Chopper (level 8, -3/59 (61) HPs)
             Began as a Formicid Fighter on Apr 2, 2023.
             Slain by Crazy Yiuf
             ... wielding a +2 quarterstaff of chaos
              (7 damage)
             ... on level 4 of the Dungeon.
             The game lasted 00:09:37 (5080 turns).

ChickenMitten the Chopper (Formicid Fighter)        Turns: 5080, Time: 00:09:37

HP:   -3/59 (61)    AC: 11    Str: 22    XL:     8   Next: 17%
MP:   8/8           EV:  7    Int:  9    God:
Gold: 280           SH:  5    Dex: 13    Spells: 7/7 levels left

rFire   . . .      SeeInvis +   r - +2 hand axe (flame)
rCold   . . .      Faith    .   c - +0 buckler
rNeg    . . .      Spirit   .   q - +0 chain mail
rPois   .          Reflect  .   (helmet unavailable)
rElec   .          Harm     .   (no cloak)
rCorr   .          Rampage  .   o - +0 pair of gloves
Will    .....                   (no boots)
Stlth   ..........              (no amulet)
HPRegen 0.19/turn               (no ring)
MPRegen 0.11/turn               (no ring)

@: mighty, lightly drained
A: permanent stasis, dig shafts and tunnels, antennae 3, four strong arms
a: Dig, Shaft Self


You were on level 4 of the Dungeon.
You visited 1 branch of the dungeon, and saw 5 of its levels.
You also visited: Sewer.

You collected 280 gold pieces.

Inventory:

Hand Weapons
 a - a +0 war axe
 r - a +2 hand axe of flaming (weapon)
 C - the +5 hammer of Qebyagga {flame, rF+ Str+4}
   (You found it on level 4 of the Dungeon)

   It burns those it strikes, dealing additional fire damage.
   Str:       It affects your strength (+4).
   rF:        It protects you from fire.
Missiles
 t - 2 throwing nets
Armour
 b - a +0 scale mail
 c - a +0 buckler (worn)
 o - a +0 pair of gloves (worn)
 q - a +0 chain mail (worn)
Jewellery
 j - a ring of magical power
Wands
 s - a wand of polymorph (10)
 x - a wand of iceblast (6)
Scrolls
 d - a scroll of brand weapon {unknown}
 e - 3 scrolls of teleportation
 f - 3 scrolls of identify {unknown}
 h - a scroll of immolation {unknown}
 k - 2 scrolls of fear
 n - 2 scrolls of enchant armour {unknown}
 v - 2 scrolls of magic mapping {unknown}
 w - 3 scrolls of butterflies {unknown}
 y - a scroll of summoning {unknown}
Potions
 g - a potion of ambrosia {unknown}
 i - 2 potions of curing {unknown}
 l - a potion of attraction {unknown}
 m - a potion of mutation {unknown}
 p - a potion of lignification {unknown}
 u - 2 potions of brilliance {unknown}
 z - a potion of might
 A - a potion of invisibility
 B - 2 potions of berserk rage {unknown}


   Skills:
 * Level 4.8 Fighting
 * Level 6.4 Axes
 * Level 5.5 Armour
 * Level 5.6 Shields


You had 7 spell levels left.
You didn't know any spells.
Your spell library contained the following spells:

 Spells                   Type           Power      Damage    Failure   Level
 Apportation              Tloc           0%         N/A       98%         1
 Necrotise                Necr           0%         1d4       98%         1
 Summon Small Mammal      Summ           0%         N/A       98%         1


Dungeon Overview and Level Annotations

Branches:
Dungeon (5/15)              Sewer (visited)
 Temple: D:4-7

Altars:
Yredelemnul
The Shining One

Annotations:
D:4 Crazy Yiuf
D:5 1 runed translucent door


Innate Abilities, Weirdness & Mutations

You cannot be hasted, slowed, berserked, paralysed or teleported.
You can dig through walls and to a lower floor.
You have a pair of large antennae on your head. (SInv)
Your four strong arms can wield two-handed weapons with a shield.


Message History

You sense a monster nearby.
You open the door. You closely miss Crazy Yiuf.
Crazy Yiuf hits you but does no damage.
You closely miss Crazy Yiuf.
Crazy Yiuf hits you with a +2 quarterstaff of chaos!
You hit Crazy Yiuf. You burn Crazy Yiuf.
Crazy Yiuf is moderately wounded.
Crazy Yiuf hits you with a +2 quarterstaff of chaos!
You hit Crazy Yiuf but do no damage.
Crazy Yiuf is moderately wounded.
Crazy Yiuf hits you with a +2 quarterstaff of chaos.
Crazy Yiuf freezes you.
You hit Crazy Yiuf but do no damage.
Crazy Yiuf is moderately wounded.
You block Crazy Yiuf's attack.
You hit Crazy Yiuf but do no damage.
Crazy Yiuf is moderately wounded.
Crazy Yiuf completely misses you.
You barely miss Crazy Yiuf.
Crazy Yiuf is moderately wounded.
Crazy Yiuf yells, "Papa song action!"
Crazy Yiuf barely misses you.
Crazy Yiuf hits you with a +2 quarterstaff of chaos!
Crazy Yiuf burns you.
You feel very mighty all of a sudden.
Crazy Yiuf hits you with a +2 quarterstaff of chaos!
* * * LOW HITPOINT WARNING * * *
You feel drained.
* * * LOW HITPOINT WARNING * * *
You barely miss Crazy Yiuf.
Crazy Yiuf is moderately wounded.
Crazy Yiuf says, "Crazy?
Crazy!?
PORCUPINE!"
Crazy Yiuf hits you with a +2 quarterstaff of chaos.
* * * LOW HITPOINT WARNING * * *
Crazy Yiuf freezes you.
* * * LOW HITPOINT WARNING * * *
You hit Crazy Yiuf. You burn Crazy Yiuf.
Crazy Yiuf is severely wounded.
Crazy Yiuf hits you with a +2 quarterstaff of chaos!
You die...

.....#..##
#))).#
##'###...#
#))))#
#...##...##
#P)))#
#§.§##....#
#.))##
#...##...##
##.##
#..§##..#.#
#.##
#._.###...#
##.#
#§.§####..#
#.##
######....##
##@# ##A
#.....# #g#
#.....# ...
######.....#
#...#
...........#
#..)#
...........#
#####
...........#
<....#.....####
...#.##.......#


You could see Crazy Yiuf.

Vanquished Creatures
  Edmund (D:4)
  Menkaure (D:4)
  A black bear (D:5)
  A scorpion (D:5)
  An orc priest (D:3)
  An orc wizard (D:4)
  2 hound skeletons (D:4)
  Robin (D:1)
  6 gnolls
  12 adders
  3 river rats (Sewer)
  2 ufetubi (D:5)
  An adder skeleton (D:4)
  An adder zombie (D:4)
  A worm (D:4)
  4 dart slugs
  7 orcs
  5 endoplasms
  4 giant cockroaches
  15 goblins
  9 hobgoblins
  4 jackals
  2 quokkas (D:1)
  9 ball pythons
  11 bats
  6 frilled lizards
  11 kobolds
  7 rats
129 creatures vanquished.

Vanquished Creatures (others)
  A goblin (D:4)
  3 fungi (D:2)
  20 plants
  A withered plant (D:4)
25 creatures vanquished.

Grand Total: 154 creatures vanquished

Notes
Turn   | Place    | Note
-------+----------+-------------------------------------------
     0 | D:1      | ChickenMitten the Formicid Fighter began the quest for the
                  | Orb.
     0 | D:1      | Reached XP level 1. HP: 18/18 MP: 1/1
   152 | D:1      | Reached XP level 2. HP: 16/24 MP: 2/2
   766 | D:1      | Reached XP level 3. HP: 29/29 MP: 3/3
  1285 | D:2      | Found a faded altar of an unknown god.
  1696 | D:2      | Reached XP level 4. HP: 36/37 MP: 4/4
  1829 | D:2      | Noticed Robin
  1862 | D:2      | Reached skill level 3 in Axes
  1866 | D:1      | Killed Robin
  2518 | D:3      | Reached XP level 5. HP: 42/42 MP: 5/5
  2683 | D:3      | Reached skill level 4 in Axes
  2947 | D:4      | Reached XP level 6. HP: 41/48 MP: 6/6
  3177 | D:4      | Noticed Edmund
  3188 | D:4      | Killed Edmund
  3189 | D:4      | Reached skill level 5 in Axes
  3189 | D:4      | Reached skill level 5 in Shields
  3189 | D:4      | Reached XP level 7. HP: 41/54 MP: 7/7
  3288 | D:4      | Found a glowing drain.
  3320 | Sewer    | Entered a sewer
  4054 | D:4      | Reached skill level 5 in Armour
  4224 | D:4      | Found a glowing golden altar of the Shining One.
  4227 | D:4      | Found a basalt altar of Yredelemnul.
  4229 | D:4      | Noticed a profane servitor
  4235 | D:4      | Noticed an angel
  4271 | D:4      | You fall into a shaft and drop 1 floor!
  4271 | D:5      | Entered Level 5 of the Dungeon
  4273 | D:5      | Found a runed translucent door.
  4421 | D:5      | Reached skill level 6 in Axes
  4642 | D:4      | Noticed Menkaure
  4806 | D:4      | Killed Menkaure
  4807 | D:4      | Reached XP level 8. HP: 61/61 MP: 8/8
  5056 | D:4      | Identified the +5 hammer of Qebyagga {flame, rF+ Str+4}
  5066 | D:4      | Found a runed translucent door.
  5067 | D:4      | Noticed Crazy Yiuf
  5080 | D:4      | Slain by Crazy Yiuf

Illustrated notes

Levels and vault maps discovered:
D:1:      heliophobic_arrival_battle_scene, layout_loops_corners,
          minmay_misc_feat_ornament, kennysheep_crisscross
D:2:      layout_basic, dreamdust_ecumenical_altar_grove,
          chequers_serial_rivers_room_b, uniq_robin
D:3:      layout_basic
D:4:      layout_cave_pools, grunt_temple_overflow_holy_war, serial_undead,
          serial_undead_c, serial_undead_f, serial_undead_d, serial_undead_e,
          cheibrodos_sewer_entry_sluice, kennysheep_small_square, uniq_edmund,
          uniq_menkaure, uniq_crazy_yiuf_cottage
D:5:      layout_loops_cross, ebering_ghost_sewer_d, serial_bayou_pond_a,
          serial_bayou_ford_a

Skill      XL: |  1  2  3  4  5  6  7 |
---------------+----------------------+-----
Armour         | 4 5 |  5.5
Axes           | 3 4 5 6 |  6.4
Fighting       | 4 |  4.8
Shields        | 5 |  5.6

Action                   |  1- 3 |  4- 6 |  7- 9 || total
-------------------------+-------+-------+-------++-------
Melee: War axe           |    97 |    57 |       ||   154
       Hand axe          |       |    54 |   159 ||   213
  Use: Potion            |       |     1 |     2 ||     3
       Scroll            |       |       |     2 ||     2
 Stab: Distracted        |       |     1 |       ||     1
Armor: Scale mail        |    47 |    36 |       ||    83
       Chain mail        |       |    31 |    93 ||   124
Dodge: Dodged            |    53 |    54 |    73 ||   180
Block: Buckler           |    25 |    33 |    32 ||    90
